 Dungeon Crawl Stone Soup version 0.19.4-9-g45fd643 (webtiles) character file.

245 Gorglomux the Skirmisher (level 5, -5/44 HPs)
             Began as a Mummy Monk on Feb 18, 2017.
             Killed by divine providence
             ... invoked by an orc priest
              (12 damage)
             ... on level 4 of the Dungeon.
             The game lasted 00:04:04 (3024 turns).

Gorglomux the Skirmisher (Mummy Monk)               Turns: 3024, Time: 00:04:04

Health: -5/44      AC:  3    Str: 15    XL:     5   Next: 84%
Magic:  5/5        EV: 13    Int:  9    God:
Gold:   118        SH:  0    Dex: 20    Spells: 0 memorised, 4 levels left

rFire  x . .     SeeInvis .     a - +0 falchion
rCold  + + .     Gourm    .     b - +0 robe
rNeg   + + +     Faith    .     (no shield)
rPois  ∞         Spirit   .     V - +0 helmet (curse)
rElec  .         Reflect  .     (no cloak)
rCorr  .         Harm     .     (no gloves)
MR     .....                    (no boots)
Stlth  ++........               (no amulet)
                                c - ring of protection from cold
                                W - +5 ring of dexterity

@: no status effects
A: no food or potions, fire vulnerability, cold resistance 1, negative energy
resistance 3, torment resistance, unbreathing
a: no special abilities


You were on level 4 of the Dungeon.
You were not hungry.

You visited 1 branch of the dungeon, and saw 4 of its levels.

You collected 118 gold pieces.

Inventory:

Hand Weapons
 a - a +0 falchion (weapon)
Missiles
 d - 110 stones (quivered)
Armour
 b - a +0 robe (worn)
 f - a +0 buckler
 V - a cursed +0 helmet (worn)
Jewellery
 c - a ring of protection from cold (right hand)
 W - a +5 ring of dexterity (left hand)
Scrolls
 g - 3 scrolls of remove curse
 h - 2 scrolls of amnesia
 R - 3 scrolls of identify
 U - a scroll of random uselessness {unknown}
 X - a scroll of immolation {unknown}
 Y - a scroll of fog {unknown}


   Skills:
 + Level 5.2 Fighting
 - Level 4.1 Long Blades
 - Level 2.4 Dodging
 - Level 1.5 Stealth


You had 4 spell levels left.
You didn't know any spells.

Dungeon Overview and Level Annotations

Branches:
Dungeon (4/15)
 Temple: D:4-7

Altars:


Innate Abilities, Weirdness & Mutations

You do not eat or drink.
Your flesh is vulnerable to fire.
You are immune to poison.
Your flesh is cold resistant. (rC+)
You are immune to negative energy. (rN+++)
You are immune to unholy pain and torment.
You can survive without breathing.


Message History

The orc priest casts a cantrip, but nothing happens.
You hit the orc priest but do no damage.
The ooze hits you but does no damage. The orc priest hits you with a mace.
* * * LOW HITPOINT WARNING * * *
You hit the orc priest but do no damage.
The ooze barely misses you. The orc priest misses you.
You hit the orc priest.
The orc priest is lightly wounded.
The ooze hits you.
* * * LOW HITPOINT WARNING * * *
You hit the orc priest but do no damage.
The orc priest is lightly wounded.
The ooze closely misses you. The orc priest misses you.
The ooze barely misses you.
You riposte.
You hit the ooze.
The ooze is heavily wounded.
You closely miss the orc priest.
The orc priest is lightly wounded.
The orc priest calls down the wrath of Beogh upon you.
Beogh smites you!
You die...

# #............# #.# . #
#............# #.# #
#............# #.# #
#............# #.# #
#............# #.# #
#†...........#####.# #
#..................# #
#..........J######## #
#..........@o......# #
#...........######.# #
############# #.# # #.# #
#.# # #.#
#######################.#
............o...o.).....#
#######################.#


You could see an orc priest and an ooze.

Vanquished Creatures
  An orc priest (D:4)
  2 orc wizards (D:4)
  Jessica (D:3)
  5 adders
  3 oozes
  An adder skeleton (D:4)
  A worm (D:3)
  2 dart slugs
  A leopard gecko (D:1)
  4 orcs
  7 bats
  5 giant cockroaches
  7 hobgoblins
  8 jackals
  2 quokkas
  2 frilled lizards
  4 kobolds
  6 rats
62 creatures vanquished.

Notes
Turn   | Place    | Note
-------+----------+-------------------------------------------
     0 | D:1      | Gorglomux the Mummy Monk began the quest for the Orb.
     0 | D:1      | Reached XP level 1. HP: 18/18 MP: 1/1
   151 | D:1      | Reached XP level 2. HP: 24/24 MP: 2/2
   186 | D:1      | Reached skill level 3 in Long Blades
   792 | D:2      | Reached XP level 3. HP: 19/29 MP: 3/3
  1395 | D:3      | Noticed Jessica
  1400 | D:3      | Killed Jessica
  1400 | D:3      | Reached XP level 4. HP: 35/35 MP: 4/4
  2355 | D:3      | Reached skill level 4 in Fighting
  2481 | D:4      | Reached XP level 5. HP: 33/42 MP: 5/5
  2732 | D:4      | Noticed a phantom
  2773 | D:4      | HP: 1/43 [orc wizard/magic dart (9)]
  2774 | D:4      | Reached skill level 5 in Fighting
  3024 | D:4      | Killed from afar by an orc priest

Skill      XL: |  1  2  3  4  5 |
---------------+----------------+-----
Long Blades    | 3 4 |  4.1
Fighting       | 4 5 |  5.2
Dodging        | |  2.4
Stealth        | |  1.5

Action                   |  1- 3 |  4- 6 || total
-------------------------+-------+-------++-------
Melee: Falchion          |    98 |   141 ||   239
Throw: Stone             |       |     1 ||     1
  Use: Scroll            |     3 |     1 ||     4
 Stab: Sleeping          |     6 |     1 ||     7
Armor: Robe              |    26 |    29 ||    55
Dodge: Dodged            |    73 |    99 ||   172
       Rpst.: Falchion   |    18 |    26 ||    44
